| TOP OF THE 1ST |
|
University of Nebraska Cornhuskers batting - Pitching for Arizona State University Sun Devils : RHP Wallace Werner
|
|
Pitching: RHP Wallace Werner
|
|
|
Batting: SHB Gary Luckwell
|
0-0: Foul Ball, location: 2F 0-1: Ball 1-1: Ball 2-1: Ball 3-1: Fly out, F8 (Flyball, 8RM, EV 91.9 MPH)
|
|
Batting: RHB Danny Forbes
|
0-0: Ball 1-0: Called Strike 1-1: Called Strike 1-2: Strikes out swinging
|
|
Batting: RHB Zion Jones
|
0-0: Ground out 6-3 (Groundball, 6, EV 85.6 MPH)
|
| Top of the 1st over - 0 runs, 0 hits, 0 errors, 0 left on base; University of Nebraska 0 - Arizona State University 0 |
| BOTTOM OF THE 1ST |
|
Arizona State University Sun Devils batting - Pitching for University of Nebraska Cornhuskers : RHP Joe Hunter
|
|
Pitching: RHP Joe Hunter
|
|
|
Batting: LHB Timon Giorgiou
|
0-0: Ball 1-0: Reached on error, E3 (Groundball, 3S, EV 86.2 MPH)
|
|
Batting: RHB Rusty Gee
|
0-0: Called Strike Timon Giorgiou steals 2nd base 0-1: Called Strike 0-2: Ball 1-2: Foul Ball, location: 2F 1-2: Fly out, F8 (Flyball, 8LD, EV 103.8 MPH) Runner from 2nd tags up, OUT at 3rd! 8-5
|
|
Batting: LHB Eric Russell
|
0-0: Ground out U3 (Groundball, 34, EV 98.1 MPH)
|
| Bottom of the 1st over - 0 runs, 0 hits, 1 error, 0 left on base; University of Nebraska 0 - Arizona State University 0 |
| TOP OF THE 2ND |
|
University of Nebraska Cornhuskers batting - Pitching for Arizona State University Sun Devils : RHP Wallace Werner
|
|
Batting: RHB Chris Anthony
|
0-0: Ground out 6-3 (Groundball, 6, EV 86.9 MPH)
|
|
Batting: SHB Kent Worboys
|
0-0: Ground out 6-3 (Groundball, 6M, EV 86.9 MPH)
|
|
Batting: LHB Lupe Garcia
|
0-0: Ball 1-0: Foul Ball, location: 2F 1-1: Swinging Strike 1-2: Foul Ball, location: 2F 1-2: Ball 2-2: Fly out, F8 (Flyball, 8LM, EV 95.0 MPH)
|
| Top of the 2nd over - 0 runs, 0 hits, 0 errors, 0 left on base; University of Nebraska 0 - Arizona State University 0 |
| BOTTOM OF THE 2ND |
|
Arizona State University Sun Devils batting - Pitching for University of Nebraska Cornhuskers : RHP Joe Hunter
|
|
Batting: RHB Alonzo Cardona
|
0-0: Fly out, F9 (Flyball, 9S, EV 75.6 MPH)
|
|
Batting: RHB John Burgis
|
0-0: Ball 1-0: Called Strike 1-1: Called Strike 1-2: Ground out 5-3 (Groundball, 5, EV 90.6 MPH)
|
|
Batting: LHB Dustin Gill
|
0-0: Ball 1-0: Called Strike 1-1: Swinging Strike 1-2: Ground out 6-3 (Groundball, 6, EV 83.1 MPH)
|
| Bottom of the 2nd over - 0 runs, 0 hits, 0 errors, 0 left on base; University of Nebraska 0 - Arizona State University 0 |
| TOP OF THE 3RD |
|
University of Nebraska Cornhuskers batting - Pitching for Arizona State University Sun Devils : RHP Wallace Werner
|
|
Batting: LHB Avicenna Abdul-Muta'al
|
0-0: Ball 1-0: Ball 2-0: Ball 3-0: Called Strike 3-1: Swinging Strike 3-2: Foul Ball, location: 2F 3-2: Foul Ball, location: 2F 3-2: Strikes out swinging
|
|
Batting: RHB Aidan Collet
|
0-0: Ball 1-0: Foul Ball, location: 2F 1-1: Foul Ball, location: 2F 1-2: Ground out 2-3 (Groundball, 2L, EV 66.2 MPH)
|
|
Batting: RHB Tariq Garane
|
0-0: Ball 1-0: Ball 2-0: Ball 3-0: Called Strike 3-1: SINGLE (Groundball, 5D, EV 98.1 MPH)
|
|
Batting: SHB Gary Luckwell
|
0-0: Ball 1-0: Ball 2-0: Ball 3-0: Called Strike 3-1: Base on Balls Tariq Garane to second
|
|
Batting: RHB Danny Forbes
|
0-0: Called Strike 0-1: Called Strike 0-2: Fly out, F8 (Flyball, 78S, EV 75.0 MPH)
|
| Top of the 3rd over - 0 runs, 1 hit, 0 errors, 2 left on base; University of Nebraska 0 - Arizona State University 0 |
| BOTTOM OF THE 3RD |
|
Arizona State University Sun Devils batting - Pitching for University of Nebraska Cornhuskers : RHP Joe Hunter
|
|
Batting: RHB Carl Evans
|
0-0: Called Strike 0-1: Swinging Strike 0-2: Ball 1-2: Strikes out swinging
|
|
Batting: LHB Burraga Iukini
|
0-0: Foul Ball, location: 2F 0-1: Ball 1-1: Foul Ball, location: 2F 1-2: Ball 2-2: Strikes out swinging
|
|
Batting: RHB David Krebs
|
0-0: Ball 1-0: Ball 2-0: Ball 3-0: Called Strike 3-1: Called Strike 3-2: Strikes out looking
|
| Bottom of the 3rd over - 0 runs, 0 hits, 0 errors, 0 left on base; University of Nebraska 0 - Arizona State University 0 |
| TOP OF THE 4TH |
|
University of Nebraska Cornhuskers batting - Pitching for Arizona State University Sun Devils : RHP Wallace Werner
|
|
Batting: RHB Zion Jones
|
0-0: Ball 1-0: Foul Ball, location: 2F 1-1: Swinging Strike 1-2: Ball 2-2: Fly out, F9 (Flyball, 9D, EV 108.1 MPH)
|
|
Batting: RHB Chris Anthony
|
0-0: Ground out U3 (Groundball, 34, EV 109.4 MPH)
|
|
Batting: SHB Kent Worboys
|
0-0: Called Strike 0-1: Called Strike 0-2: Foul Ball, location: 2F 0-2: Foul Ball, location: 2F 0-2: Ball 1-2: Strikes out swinging
|
| Top of the 4th over - 0 runs, 0 hits, 0 errors, 0 left on base; University of Nebraska 0 - Arizona State University 0 |
| BOTTOM OF THE 4TH |
|
Arizona State University Sun Devils batting - Pitching for University of Nebraska Cornhuskers : RHP Joe Hunter
|
|
Batting: LHB Timon Giorgiou
|
0-0: Foul Ball, location: 2F 0-1: Foul Ball, location: 2F 0-2: Foul Ball, location: 2F 0-2: Ball 1-2: Ball 2-2: Foul Ball, location: 2F 2-2: Ball 3-2: Fly out, F9 (Line Drive, 9, EV 96.9 MPH)
|
|
Batting: RHB Rusty Gee
|
0-0: Foul Ball, location: 2F 0-1: Foul Ball, location: 2F 0-2: SINGLE (Line Drive, 9S, EV 109.4 MPH)
|
|
Batting: LHB Eric Russell
|
0-0: Called Strike 0-1: Fielders Choice at 2nd, 6-4 (Groundball, 6M, EV 101.9 MPH)
|
|
Batting: RHB Alonzo Cardona
|
0-0: Called Strike Eric Russell steals 2nd base 0-1: Foul Ball, location: 2F 0-2: Ball 1-2: Ball 2-2: Ball 3-2: Foul Ball, location: 2F 3-2: Base on Balls
|
|
Batting: RHB John Burgis
|
0-0: Ball 1-0: Ball 2-0: Ball 3-0: Base on Balls Eric Russell to third Alonzo Cardona to second
|
|
Batting: LHB Dustin Gill
|
0-0: Called Strike 0-1: Swinging Strike 0-2: Ball 1-2: Ball Wild Pitch! Eric Russell scores Alonzo Cardona to third John Burgis to second 2-2: Strikes out swinging
|
| Bottom of the 4th over - 1 run, 1 hit, 0 errors, 2 left on base; University of Nebraska 0 - Arizona State University 1 |
| TOP OF THE 5TH |
|
University of Nebraska Cornhuskers batting - Pitching for Arizona State University Sun Devils : RHP Wallace Werner
|
|
Batting: LHB Lupe Garcia
|
0-0: Ball 1-0: Ball 2-0: Called Strike 2-1: Foul Ball, location: 2F 2-2: Foul Ball, location: 2F 2-2: Ball 3-2: Ground out 4-3 (Groundball, 4, EV 83.8 MPH)
|
|
Batting: LHB Avicenna Abdul-Muta'al
|
0-0: Foul Ball, location: 2F 0-1: Foul Ball, location: 2F 0-2: Ball 1-2: Ball 2-2: Ground out 6-3 (Groundball, 6, EV 85.6 MPH)
|
|
Batting: RHB Aidan Collet
|
0-0: Swinging Strike 0-1: Called Strike 0-2: Fly out, F8 (Line Drive, 8LD, EV 98.1 MPH)
|
| Top of the 5th over - 0 runs, 0 hits, 0 errors, 0 left on base; University of Nebraska 0 - Arizona State University 1 |
| BOTTOM OF THE 5TH |
|
Arizona State University Sun Devils batting - Pitching for University of Nebraska Cornhuskers : RHP Joe Hunter
|
|
Batting: RHB Carl Evans
|
0-0: Called Strike 0-1: Ball 1-1: Foul Ball, location: 2F 1-2: Ball 2-2: DOUBLE (Flyball, 78XD, EV 91.2 MPH)
|
|
Batting: LHB Burraga Iukini
|
0-0: Ball 1-0: Called Strike 1-1: Ball 2-1: Foul Ball, location: 2F 2-2: Ball 3-2: Fly out, F7 (Flyball, 7LM, EV 91.2 MPH)
|
|
Batting: RHB David Krebs
|
0-0: Swinging Strike 0-1: Foul Ball, location: 2F 0-2: Foul Ball, location: 2F 0-2: Foul Ball, location: 2F 0-2: Ball 1-2: Foul Ball, location: 2F 1-2: Fly out, F6 (Popup, 6, EV 75.6 MPH)
|
|
Batting: LHB Timon Giorgiou
|
0-0: Swinging Strike 0-1: Ball 1-1: Foul Ball, location: 2F 1-2: Ball 2-2: Foul Ball, location: 2F 2-2: Strikes out swinging
|
| Bottom of the 5th over - 0 runs, 1 hit, 0 errors, 1 left on base; University of Nebraska 0 - Arizona State University 1 |
| TOP OF THE 6TH |
|
University of Nebraska Cornhuskers batting - Pitching for Arizona State University Sun Devils : RHP Wallace Werner
|
|
Pitching: RHP Hector Morales
|
|
|
Batting: RHB Tariq Garane
|
0-0: Called Strike 0-1: Ball 1-1: Swinging Strike 1-2: Ball 2-2: Ball 3-2: Fly out, F7 (Flyball, 78D, EV 103.1 MPH)
|
|
Batting: SHB Gary Luckwell
|
0-0: Called Strike 0-1: Ball 1-1: SINGLE (Line Drive, 89M, EV 103.8 MPH)
|
|
Batting: RHB Danny Forbes
|
0-0: Called Strike Gary Luckwell steals 2nd base 0-1: Fly out, F9 (Flyball, 89M, EV 88.8 MPH)
|
|
Batting: RHB Zion Jones
|
0-0: Swinging Strike 0-1: Ball 1-1: Foul Ball, location: 2F 1-2: Foul Ball, location: 2F 1-2: Ball 2-2: Foul Ball, location: 2F 2-2: Ball 3-2: Hit by Pitch
|
|
Pinch Hitting: LHB Bob Appleby
|
0-0: Foul Ball, location: 2F 0-1: Called Strike 0-2: Foul Ball, location: 2F 0-2: Ball 1-2: Foul Ball, location: 2F 1-2: Ball 2-2: Foul Ball, location: 2F 2-2: Ball 3-2: Fly out, F8 (Flyball, 8RD, EV 101.2 MPH)
|
| Top of the 6th over - 0 runs, 1 hit, 0 errors, 2 left on base; University of Nebraska 0 - Arizona State University 1 |
| BOTTOM OF THE 6TH |
|
Arizona State University Sun Devils batting - Pitching for University of Nebraska Cornhuskers : RHP Joe Hunter
|
|
Now in CF: Bob Appleby
|
|
|
Batting: RHB Rusty Gee
|
0-0: Foul Ball, location: 2F 0-1: Ball 1-1: Ball 2-1: Fly out, F8 (Line Drive, 89M, EV 110.6 MPH)
|
|
Batting: LHB Eric Russell
|
0-0: Called Strike 0-1: Foul Ball, location: 2F 0-2: DOUBLE (Flyball, 8RD, EV 89.4 MPH)
|
|
Batting: RHB Alonzo Cardona
|
0-0: Intentional Walk
|
|
Batting: RHB John Burgis
|
0-0: Ball 1-0: Called Strike 1-1: Ball 2-1: Foul Ball, location: 2F 2-2: Foul Ball, location: 2F 2-2: Foul Ball, location: 2F 2-2: Strikes out swinging
|
|
Pitching: LHP Nate Wood
|
|
|
Batting: LHB Dustin Gill
|
0-0: Hit by Pitch Eric Russell to third Alonzo Cardona to second
|
|
Batting: RHB Carl Evans
|
0-0: Called Strike 0-1: Called Strike 0-2: Strikes out swinging
|
| Bottom of the 6th over - 0 runs, 1 hit, 0 errors, 3 left on base; University of Nebraska 0 - Arizona State University 1 |
| TOP OF THE 7TH |
|
University of Nebraska Cornhuskers batting - Pitching for Arizona State University Sun Devils : RHP Hector Morales
|
|
Pinch Hitting: RHB Jason Blakeley
|
0-0: Ball 1-0: Foul Ball, location: 2F 1-1: Foul Ball, location: 2F 1-2: Ball 2-2: Foul Ball, location: 2F 2-2: Foul Ball, location: 2F 2-2: Fly out, F9 (Flyball, 9LD, EV 93.8 MPH)
|
|
Batting: LHB Lupe Garcia
|
0-0: Ball 1-0: Swinging Strike 1-1: Ball 2-1: Swinging Strike 2-2: Ball 3-2: Base on Balls
|
|
Pitching: LHP Joe Morgan
|
|
|
Batting: LHB Avicenna Abdul-Muta'al
|
0-0: Ball 1-0: Called Strike 1-1: Called Strike 1-2: Foul Ball, location: 2F 1-2: Ball 2-2: Foul Ball, location: 2F 2-2: Fielders Choice at 2nd, 1-6 (Groundball, 13S, EV 68.1 MPH)
|
|
Batting: RHB Aidan Collet
|
0-0: Ground out 4-3 (Groundball, 34D, EV 110.0 MPH)
|
| Top of the 7th over - 0 runs, 0 hits, 0 errors, 1 left on base; University of Nebraska 0 - Arizona State University 1 |
| BOTTOM OF THE 7TH |
|
Arizona State University Sun Devils batting - Pitching for University of Nebraska Cornhuskers : LHP Nate Wood
|
|
Now at 1B: Jason Blakeley
|
|
|
Batting: LHB Burraga Iukini
|
0-0: Called Strike 0-1: Ball 1-1: Foul Ball, location: 2F 1-2: Ball 2-2: Foul Ball, location: 2F 2-2: Strikes out swinging
|
|
Batting: RHB David Krebs
|
0-0: Ground out 6-3 (Groundball, 6, EV 87.5 MPH)
|
|
Batting: LHB Timon Giorgiou
|
0-0: Ball 1-0: Ball 2-0: Ball 3-0: Foul Ball, location: 2F 3-1: Base on Balls
|
|
Batting: RHB Rusty Gee
|
0-0: Called Strike 0-1: Ball 1-1: Called Strike 1-2: Strikes out swinging
|
| Bottom of the 7th over - 0 runs, 0 hits, 0 errors, 1 left on base; University of Nebraska 0 - Arizona State University 1 |
| TOP OF THE 8TH |
|
University of Nebraska Cornhuskers batting - Pitching for Arizona State University Sun Devils : LHP Joe Morgan
|
|
Pitching: RHP Andrew Frugoli
|
|
|
Batting: RHB Tariq Garane
|
0-0: Called Strike 0-1: Foul Ball, location: 2F 0-2: Foul Ball, location: 2F 0-2: Ball 1-2: Foul Ball, location: 2F 1-2: Ground out 6-3 (Groundball, 56, EV 89.4 MPH)
|
|
Batting: SHB Gary Luckwell
|
0-0: Ball 1-0: SINGLE (Groundball, 15S, EV 64.4 MPH) (infield hit)
|
|
Pinch Runner at 1st Will England:
|
|
|
Batting: RHB Danny Forbes
|
0-0: Ball 1-0: Called Strike 1-1: SINGLE (Groundball, 6M, EV 98.1 MPH) Will England to second Runner from 2nd tries for 3rd, SAFE, throw by CF made to third Danny Forbes to second
|
|
Batting: RHB Zion Jones
|
0-0: Fly out, F8 (Flyball, 8RD, EV 87.5 MPH) Runner from 3rd tags up, SCORES, throw by CF Danny Forbes to third
|
|
Batting: LHB Bob Appleby
|
0-0: 2-RUN HOME RUN (Flyball, 78XD, EV 99.4 MPH), Distance : 389 ft
|
|
Pitching: RHP Joe Ledrew
|
|
|
Batting: RHB Jason Blakeley
|
0-0: Called Strike 0-1: SINGLE (Flyball, 78S, EV 83.8 MPH)
|
|
Batting: LHB Lupe Garcia
|
0-0: Called Strike 0-1: Ball 1-1: Ball 2-1: Called Strike 2-2: SINGLE (Flyball, 3D, EV 93.8 MPH) Jason Blakeley to second Runner from 2nd tries for 3rd, OUT! 9-5
|
| Top of the 8th over - 3 runs, 5 hits, 0 errors, 1 left on base; University of Nebraska 3 - Arizona State University 1 |
| BOTTOM OF THE 8TH |
|
Arizona State University Sun Devils batting - Pitching for University of Nebraska Cornhuskers : LHP Nate Wood
|
|
Pitching: RHP Antonino Charno
|
|
|
Now at 2B: Will England
|
|
|
Batting: LHB Eric Russell
|
0-0: Ball 1-0: Called Strike 1-1: Ground out 4-3 (Groundball, 34, EV 86.9 MPH)
|
|
Pinch Hitting: RHB Jun-hyuk Leem
|
0-0: Ball 1-0: Called Strike 1-1: Ball 2-1: Foul Ball, location: 2F 2-2: SINGLE (Line Drive, 6D, EV 99.4 MPH)
|
|
Batting: RHB John Burgis
|
0-0: SINGLE (Groundball, 4S, EV 67.5 MPH) (infield hit) Jun-hyuk Leem to second
|
|
Pinch Runner at 2nd Kawenaula Kapali:
|
|
|
Batting: LHB Dustin Gill
|
0-0: Called Strike 0-1: Ball 1-1: Fly out, F2 (Popup, 5SF, EV 77.5 MPH)
|
|
Batting: RHB Carl Evans
|
0-0: Ball 1-0: Foul Ball, location: 2F 1-1: Called Strike 1-2: Ball 2-2: Strikes out swinging
|
| Bottom of the 8th over - 0 runs, 2 hits, 0 errors, 2 left on base; University of Nebraska 3 - Arizona State University 1 |
| TOP OF THE 9TH |
|
University of Nebraska Cornhuskers batting - Pitching for Arizona State University Sun Devils : RHP Joe Ledrew
|
|
Now at 2B: Kawenaula Kapali
|
|
|
Batting: LHB Avicenna Abdul-Muta'al
|
0-0: Swinging Strike 0-1: Foul Ball, location: 2F 0-2: Ball 1-2: Ball 2-2: DOUBLE (Line Drive, 3D, EV 108.1 MPH)
|
|
Batting: RHB Aidan Collet
|
0-0: Intentional Walk
|
|
Batting: RHB Tariq Garane
|
0-0: Ball 1-0: Ball 2-0: Called Strike 2-1: SINGLE (Line Drive, 8RM, EV 93.8 MPH) Avicenna Abdul-Muta'al to third Aidan Collet to second
|
|
Batting: RHB Will England
|
0-0: Called Strike 0-1: Foul Ball, location: 2F 0-2: Ball 1-2: Ball 2-2: Foul Ball, location: 2F 2-2: DOUBLE (Groundball, 5L, EV 110.6 MPH) Avicenna Abdul-Muta'al scores Aidan Collet scores Tariq Garane to third Runner from 3rd tries for Home, SAFE, throw by LF to home
|
|
Pitching: RHP Kyle Mahalik
|
|
|
Batting: RHB Danny Forbes
|
0-0: Ground out 4-3 (Groundball, 4, EV 85.6 MPH) Will England to third
|
|
Batting: RHB Zion Jones
|
0-0: Called Strike 0-1: Called Strike 0-2: SINGLE (Flyball, 34D, EV 82.5 MPH) Will England scores
|
|
Batting: LHB Bob Appleby
|
0-0: Ball 1-0: Ball 2-0: Called Strike 2-1: Called Strike 2-2: Foul Ball, location: 2F 2-2: Strikes out swinging
|
|
Batting: RHB Jason Blakeley
|
0-0: Called Strike 0-1: Ball 1-1: Called Strike 1-2: Foul Ball, location: 2F 1-2: Strikes out swinging
|
| Top of the 9th over - 4 runs, 4 hits, 0 errors, 1 left on base; University of Nebraska 7 - Arizona State University 1 |
| BOTTOM OF THE 9TH |
|
Arizona State University Sun Devils batting - Pitching for University of Nebraska Cornhuskers : RHP Antonino Charno
|
|
Batting: LHB Burraga Iukini
|
0-0: Foul Ball, location: 2F 0-1: Swinging Strike 0-2: Hit by Pitch
|
|
Batting: RHB David Krebs
|
0-0: Called Strike 0-1: Ball 1-1: Fielders Choice at 2nd, 4-6 (Groundball, 4, EV 99.4 MPH)
|
|
Pinch Hitting: RHB Israel Tobias
|
0-0: Ball 1-0: Ball 2-0: Swinging Strike 2-1: Foul Ball, location: 2F 2-2: Strikes out swinging
|
|
Batting: RHB Rusty Gee
|
0-0: Ball 1-0: Ball 2-0: Foul Ball, location: 2F 2-1: Ball 3-1: Base on Balls David Krebs to second
|
|
Pitching: RHP Ronald Garbie
|
|
|
Batting: LHB Eric Russell
|
0-0: Ball 1-0: Ground out 6-3 (Groundball, 6S, EV 85.0 MPH)
|
| Bottom of the 9th over - 0 runs, 0 hits, 0 errors, 2 left on base; University of Nebraska 7 - Arizona State University 1 |
|